 Dungeon Crawl Stone Soup version 0.22-a0-247-gbddf880757 (webtiles) character file.

14454 Peterchen the Severer (level 11, -13/82 HPs)
             Began as a Minotaur Berserker on Feb 25, 2018.
             Was the Champion of Trog.
             Mangled by a cyan ugly thing (14 damage)
             ... on level 14 of the Dungeon.
             The game lasted 00:44:03 (10344 turns).

Peterchen the Severer (Minotaur Berserker)         Turns: 10344, Time: 00:44:04

Health: -13/82     AC: 25    Str: 32    XL:     11   Next: 88%
Magic:  10/10      EV:  8    Int:  4    God:    Trog [******]
Gold:   757        SH:  0    Dex:  9    Spells: 10/10 levels left

rFire    . . .     SeeInvis .   r - +0 war axe
rCold    . . .     Gourm    .   (no shield)
rNeg     . . .     Faith    .   p - +6 plate armour of the Gusle {Str+2}
rPois    .         Spirit   .   (helmet restricted)
rElec    .         Reflect  .   O - +0 cloak (curse)
rCorr    .         Harm     .   b - +1 pair of gloves
MR       .....                  (no boots)
Stlth    ..........             I - amulet of regeneration
HPRegen  0.63/turn              u - +5 ring of protection
MPRegen  0.12/turn              C - +4 ring of strength

@: berserk cooldown, slowed, very slow
A: retaliatory headbutt, horns 2
a: Berserk, Trog's Hand, Brothers in Arms, Renounce Religion


You were on level 14 of the Dungeon.
You worshipped Trog.
Trog was exalted by your worship.
You were not hungry.

You visited 1 branch of the dungeon, and saw 14 of its levels.
You also visited: Labyrinth.

You collected 883 gold pieces.
You spent 126 gold pieces at shops.

Inventory:

Hand Weapons
 r - a +0 war axe (weapon)
Missiles
 a - 18 javelins of penetration (quivered)
Armour
 b - a +1 pair of gloves (worn)
 p - the +6 plate armour of the Gusle (worn) {Str+2}
   (You took it off a minotaur in a labyrinth)

   It affects your strength (+2).
 N - +0 pearl dragon scales
 O - a cursed +0 cloak (worn)
Jewellery
 u - a +5 ring of protection (left hand)
 w - an uncursed ring of protection from fire
 C - a +4 ring of strength (right hand)
 I - an amulet of regeneration (around neck)
 J - an uncursed ring of protection from cold
Wands
 f - a wand of random effects (53)
 k - a wand of iceblast (6)
 B - a wand of digging (17)
 D - a wand of acid (21)
 E - a wand of flame (32)
 K - a wand of disintegration (11)
Scrolls
 g - 4 scrolls of enchant armour
 j - 2 scrolls of teleportation
 q - 5 scrolls of remove curse
 s - 3 scrolls of enchant weapon
 v - 3 scrolls of fog
 y - a scroll of fear {unknown}
 G - a scroll of magic mapping
 H - 3 scrolls of blinking {unknown}
Potions
 d - 5 potions of heal wounds
 e - 2 potions of agility {unknown}
 h - 3 potions of haste {unknown}
 i - a potion of lignification {unknown}
 l - a potion of invisibility {unknown}
 m - 2 potions of flight {unknown}
 n - 9 potions of curing
 o - a potion of brilliance {unknown}
 t - 2 potions of degeneration {unknown}
 x - 2 potions of magic {unknown}
 z - 2 potions of berserk rage {unknown}
 A - 2 potions of might {unknown}
 F - a potion of resistance {unknown}
Miscellaneous
 L - a phantom mirror
Comestibles
 c - 24 rations


   Skills:
 - Level 3.6 Fighting
 * Level 20.8 Axes
 - Level 2.4 Armour
 - Level 2.1 Dodging


You had 10 spell levels left.
You didn't know any spells.

Dungeon Overview and Level Annotations

Branches:
Dungeon (14/15)            Temple (0/1) D:6            Lair (0/6) D:11
    Orc (0/2) D:12
 Vaults: D:13-14

Altars:
Cheibriados
Dithmenos
Elyvilon
Gozag
Hepliaklqana
Kikubaaqudgha
Makhleb
Okawaru
Qazlal
Trog
Wu Jian
Zin
The Shining One

Shops:
D:5 =   D:9 [(}!

Annotations:
D:13 Peterchen's ghost, journeyman MiBe


Innate Abilities, Weirdness & Mutations

You reflexively headbutt those who attack you in melee.
You have a pair of horns on your head.


Message History

You feel a strong urge to attack something.
Something hits you but does no damage.
You feel your anger nearly subside.
You are no longer berserk.
You are exhausted.
You feel yourself slow down. Something hits you.
* * * LOW HITPOINT WARNING * * *
There is a stone staircase leading down here.
You barely miss something. You headbutt something! Something hits you.
* * * LOW HITPOINT WARNING * * *
Something hits you but does no damage.
You climb downwards. 3 ugly things, a two-headed ogre and a skeleton come into view.
The cyan ugly thing gurgles horribly! x3; The two-headed ogre shouts in stereo!
There is a stone staircase leading up here.
The centaur warrior skeleton hits you.
* * * LOW HITPOINT WARNING * * *
The cyan ugly thing tentacle-slaps you!
* * * LOW HITPOINT WARNING * * *
The cyan ugly thing shocks you!
You die...

#...... .......
....... .......
....... .......
..######u......
.......@.......
........ZO.....
.....uu....####
##########.# .#
#


You could see 3 ugly things, a two-headed ogre and a centaur warrior skeleton.

Vanquished Creatures
  A minotaur (Lab)
  Josephine (D:11)
  A hydra (D:11)
  An unseen horror (D:11)
  The ghost of Peterchen the Cleaver, a novice MiBe of Trog (D:6)
  Maurice (D:11)
  Psyche (D:9)
  The ghost of Xeas the Covert, a novice SpEn (D:7)
  3 trolls
  A jumping spider (shapeshifter) (D:12)
  A hornet (D:11)
  Grinder (D:4)
  2 hippogriffs
  A shadow (D:13)
  4 wraiths
  7 yaks (D:12)
  A water moccasin (D:12)
  4 orc warriors
  A black bear (D:8)
  3 ice beasts
  3 sky beasts
  A phantom (D:5)
  9 ogres
  10 centaurs
  2 crocodiles
  A big kobold (D:10)
  3 bullfrogs
  A wyvern skeleton (D:7)
  A water moccasin skeleton (D:9)
  18 killer bees
  5 howler monkeys
  3 centaur zombies
  A crimson imp (D:7)
  2 bullfrog zombies
  A jelly (D:10)
  A quasit (D:8)
  6 orc priests
  A hound (D:7)
  3 centaur skeletons
  2 iguanas
  An iron imp (D:8)
  Natasha (twice) (D:4)
  13 orc wizards
  5 worker ants
  2 hound skeletons
  A worker ant zombie (D:10)
  13 gnolls
  10 adders
  4 shadow imps
  An ooze (D:3)
  2 adder skeletons
  3 worms
  5 dart slugs
  9 leopard geckos
  68 orcs
  2 ball pythons
  12 bats
  8 giant cockroaches
  9 goblins
  8 hobgoblins
  14 jackals
  14 kobolds
  3 quokkas
  8 frilled lizards
  2 leopard gecko skeletons
  9 rats
339 creatures vanquished.

Vanquished Creatures (collateral kills)
  A hippogriff (D:8)
  2 orc warriors (D:8)
  An orc (D:8)
4 creatures vanquished.

Grand Total: 343 creatures vanquished

Notes
Turn   | Place    | Note
-------+----------+-------------------------------------------
     0 | D:1      | Peterchen the Minotaur Berserker began the quest for the Orb.
     0 | D:1      | Reached XP level 1. HP: 19/19 MP: 0/0
    81 | D:1      | Reached skill level 4 in Axes
   129 | D:1      | Reached XP level 2. HP: 26/26 MP: 1/1
   281 | D:1      | Reached skill level 5 in Axes
   711 | D:1      | Reached XP level 3. HP: 31/31 MP: 2/2
   941 | D:1      | Reached ** piety under Trog
  1284 | D:2      | Reached skill level 6 in Axes
  1284 | D:2      | Reached XP level 4. HP: 34/39 MP: 3/3
  1407 | D:2      | Found an ornate altar of the Wu Jian Council.
  1561 | D:2      | Noticed a sky beast
  1572 | D:2      | Killed a sky beast
  1572 | D:2      | Reached skill level 7 in Axes
  1572 | D:2      | Reached XP level 5. HP: 45/45 MP: 4/4
  1714 | D:2      | Noticed an ogre
  1722 | D:2      | Killed an ogre
  1722 | D:2      | Reached skill level 8 in Axes
  1722 | D:2      | Reached XP level 6. HP: 31/51 MP: 5/5
  1813 | D:2      | Found a white marble altar of Elyvilon.
  1941 | D:3      | Reached *** piety under Trog
  2049 | D:3      | Found a glowing golden altar of the Shining One.
  2128 | D:3      | Found a bloodstained altar of Trog.
  2439 | D:3      | Reached skill level 9 in Axes
  2716 | D:4      | Noticed Natasha
  2729 | D:4      | Killed Natasha
  2729 | D:4      | Reached XP level 7. HP: 57/57 MP: 6/6
  2753 | D:4      | Noticed Grinder
  2763 | D:4      | Killed Grinder
  2763 | D:4      | Reached skill level 10 in Axes
  2918 | D:4      | Reached **** piety under Trog
  2921 | D:4      | Reached skill level 11 in Axes
  3081 | D:4      | Noticed Natasha
  3085 | D:4      | Killed Natasha
  3117 | D:4      | Found an iron altar of Okawaru.
  3233 | D:5      | Entered Level 5 of the Dungeon
  3377 | D:5      | Reached XP level 8. HP: 62/64 MP: 7/7
  3420 | D:5      | Found a bloodstained altar of Trog.
  3631 | D:5      | Found Ysoon's Jewellery Emporium.
  3828 | D:6      | Noticed Peterchen's ghost (novice MiBe)
  3841 | D:6      | Killed Peterchen's ghost
  3841 | D:6      | Reached skill level 12 in Axes
  4017 | D:6      | Reached skill level 13 in Axes
  4193 | D:6      | Found a staircase to the Ecumenical Temple.
  4309 | D:6      | Found a shadowy altar of Dithmenos.
  4508 | D:7      | Reached XP level 9. HP: 39/70 MP: 8/8
  4740 | D:7      | Found an ancient bone altar of Kikubaaqudgha.
  4757 | D:7      | Reached skill level 14 in Axes
  4827 | D:7      | Reached ***** piety under Trog
  4908 | D:7      | Noticed Xeas's ghost (novice SpEn)
  4935 | D:7      | Killed Xeas's ghost
  5411 | D:8      | Reached skill level 15 in Axes
  5473 | D:8      | Found a hazy altar of Hepliaklqana.
  5873 | D:8      | Found a burning altar of Makhleb.
  5877 | D:8      | Reached skill level 16 in Axes
  6260 | D:9      | Noticed a troll
  6269 | D:9      | Killed a troll
  6351 | D:9      | Reached XP level 10. HP: 77/77 MP: 9/9
  6398 | D:9      | Found Perisusch's Armour Boutique.
  6458 | D:9      | Found Putuxt's Weapon Shop.
  6486 | D:9      | Found a glowing silver altar of Zin.
  6486 | D:9      | Found an opulent altar of Gozag.
  6533 | D:9      | Found Gyok's Gadget Shoppe.
  6666 | D:9      | Found Foydgh's Distillery.
  6677 | D:9      | Bought a potion of curing for 42 gold pieces
  6677 | D:9      | Bought a potion of curing for 42 gold pieces
  6677 | D:9      | Bought a potion of curing for 42 gold pieces
  6762 | D:9      | Found a snail-covered altar of Cheibriados.
  6768 | D:9      | Noticed Psyche
  6775 | D:9      | Killed Psyche
  6987 | D:10     | Entered Level 10 of the Dungeon
  6996 | D:10     | Reached skill level 17 in Axes
  7596 | D:10     | Reached skill level 18 in Axes
  7801 | D:10     | Found a stormy altar of Qazlal.
  7930 | D:11     | Found a labyrinth entrance.
  7938 | Lab      | Entered a labyrinth
  8238 | Lab      | Noticed a minotaur
  8244 | Lab      | HP: 5/115 [minotaur (7)]
  8245 | Lab      | Killed a minotaur
  8247 | Lab      | Got a translucent plate armour
  8290 | Lab      | Identified the +6 plate armour of the Gusle {Str+2} (You took it off a minotaur in a labyrinth)
  8759 | D:11     | Found a staircase to the Lair.
  8772 | D:11     | Noticed a four-headed hydra
  8778 | D:11     | Killed a nine-headed hydra
  8778 | D:11     | Reached XP level 11. HP: 81/82 MP: 10/10
  8896 | D:11     | Killed an unseen horror
  8896 | D:11     | Reached skill level 19 in Axes
  8981 | D:11     | Noticed Maurice
  9001 | D:11     | Killed Maurice
  9316 | D:12     | Noticed Josephine
  9338 | D:11     | Killed Josephine
  9338 | D:11     | Reached skill level 20 in Axes
  9670 | D:12     | Received a gift from Trog
  9677 | D:12     | Reached ****** piety under Trog
  9813 | D:12     | Found a staircase to the Orcish Mines.
 10085 | D:13     | Noticed Peterchen's ghost (journeyman MiBe)
 10343 | D:14     | Noticed a cyan ugly thing
 10343 | D:14     | Noticed a cyan ugly thing
 10343 | D:14     | Noticed a cyan ugly thing
 10343 | D:14     | Noticed a two-headed ogre
 10344 | D:14     | HP: 1/82 [cyan ugly thing (9)]
 10344 | D:14     | Mangled by a cyan ugly thing

Vault maps used:
D:1:      minmay_arrival_shoal_huts, hangedman_decor_points,
          serial_bayou_pond_e, minmay_close_crescents
D:2:      nicolae_overflow_hidden_temple, lemuel_crystal_altar, first_ration,
          minmay_vboxes
D:3:      tso_metal_star, lemuel_coloured_pillars_altar, st_stairs_10
D:4:      okawaru_altar_gauntlet_db, uniq_natasha, uniq_grinder
D:5:      serial_shops, nicolae_shop_trees, bloody_trog
D:6:      grunt_dithmenos_smoke, minmay_temple_entry_fiery
D:7:      kiku_gazebo_garden_becter
D:8:      makhleb_grotto_becter, old_standard_altar
D:9:      grunt_temple_overflow_gold_and_silver, nicolae_overflow_crystal_walls,
          serial_shops, nicolae_shop_waterfront, shop, kennysheep_mini, shop,
          uniq_psyche
D:10:     grunt_qazlal_clouds
D:11:     lair_entry_dummy, lab_entry_generic, uniq_maurice
D:12:     hiddenorc1_lemuel, uniq_josephine, uniq_sonja
D:13:     david_vaults_4
D:14:     minmay_sliced_demisemicircle, infiniplex_staircase_x
Lab:      labyrinth_spiral, nicolae_lab_lava, nicolae_lab_t_cross,
          labyrinth_skeletal_remains, lab_block, nicolae_lab_x,
          labyrinth_glass_1

Skill      XL: |  1  2  3  4  5  6  7  8  9 10 11 |
---------------+----------------------------------+-----
Axes           | 4 5 6 7 8 9 11 13 16 18 20 | 20.8
Fighting       | |  3.6
Armour         | |  2.4
Dodging        | |  2.1

Action                   |  1- 3 |  4- 6 |  7- 9 | 10-12 || total
-------------------------+-------+-------+-------+-------++-------
Melee: Hand axe          |    92 |   149 |   298 |       ||   539
       Headbutt          |    13 |    22 |    82 |    72 ||   189
       War axe           |       |       |    20 |   396 ||   416
Invok: Berserk           |       |     2 |     5 |     6 ||    13
       Brothers in Arms  |       |       |     1 |     2 ||     3
       Trog's Hand       |       |       |       |     1 ||     1
  Use: Scroll            |       |     1 |     8 |     6 ||    15
  Eat: Chunk             |     1 |     7 |    17 |    13 ||    38
       Ration            |       |       |       |     2 ||     2
Armor: Animal skin       |    12 |       |       |       ||    12
       Chain mail        |    34 |    75 |   118 |   112 ||   339
       Plate armour      |       |       |       |   260 ||   260
Dodge: Dodged            |    65 |    59 |   121 |   164 ||   409

Table legend:
 A = Spawn XP
 B = Non-spawn XP
 C = Spawn XP percentage of total XP
 D = Spawn monster count
 E = Non-spawn monster count
 F = Spawn count percentage of total count
 G = Total turns spent on level
                    A         B        C        D         E        F      G
               +---------+---------+-------+---------+---------+-------+---------
         Total |       0 |   20649 |   0.0 |       0 |     343 |   0.0 | 10344
               +---------+---------+-------+---------+---------+-------+---------
           D:1 |       0 |      55 |   0.0 |       0 |      31 |   0.0 |  1108
           D:2 |       0 |     331 |   0.0 |       0 |      30 |   0.0 |   766
           D:3 |       0 |     185 |   0.0 |       0 |      39 |   0.0 |   632
           D:4 |       0 |     744 |   0.0 |       0 |      32 |   0.0 |   727
           D:5 |       0 |     182 |   0.0 |       0 |       6 |   0.0 |   533
           D:6 |       0 |    1117 |   0.0 |       0 |      18 |   0.0 |   635
           D:7 |       0 |     943 |   0.0 |       0 |      17 |   0.0 |  1000
           D:8 |       0 |    1590 |   0.0 |       0 |      38 |   0.0 |   857
           D:9 |       0 |    1645 |   0.0 |       0 |      15 |   0.0 |   927
          D:10 |       0 |    2501 |   0.0 |       0 |      46 |   0.0 |   691
          D:11 |       0 |    7037 |   0.0 |       0 |      29 |   0.0 |   703
          D:12 |       0 |    3357 |   0.0 |       0 |      39 |   0.0 |   712
          D:13 |       0 |     230 |   0.0 |       0 |       2 |   0.0 |   281
           Lab |       0 |     732 |   0.0 |       0 |       1 |   0.0 |   771
               +---------+---------+-------+---------+---------+-------+---------
